cohdb
Replays
Latest Replays
All Replays
Popular Replays
Top Player Replays
Match Explorer
How It Works
Community
CoH3 Stats
Reddit
Sign in to upload your games and track your stats! →
Sign in with Steam
Match 47166860
Unlisted
Match 47166860
Overview
Messages
Build Orders
End
Construct Section Command Post
Vickers Machine Gun Team
Selects Heavy Armor Battlegroup
Dingo Light Scout Car
Infantry Section
Infantry Section
Construct Field Infirmary
ML 3-inch Mortar Team
Infantry Section
Grenade Package
Construct Platoon Command Post
Selects Light Vehicle Withdraw and Refit
Selects Radio Net
6-pounder Anti-tank Gun Team
CMP 15cwt Truck
Royal Engineer Section
Infantry Training
Selects Recon Artillery
Selects Rigorous Vehicle Training
Recon Artillery
CMP 15cwt Truck
Selects Forward Repair Assembly
pagep
DarknessAngle
7k this year for sure
Ace-sa
Miko
Krautkocher
0
0
Comments
sign in to comment!
No comments posted yet!